Map: King Sejong Station LE

Players

doublespace

  • Race: Protoss Protoss
  • League: Gold
  • Spawn Location: 11:00

Fropez - Winner!

  • Race: Protoss Protoss
  • League: Gold
  • Spawn Location: 5:00

VOD

Have the link to the VOD?

Description

Time

  • Played on: Nov. 2, 2016, 5:02 p.m.
  • Length: 11:36
Show
View Real Time Build Order
Export as new Build Order

doublespace Protoss 

Build Orders:  

Get SALT Encoding   

  12  0:01  Probe (Chrono Boost)  
  13  0:11  Probe (Chrono Boost)  
  14  0:18  Pylon  
  14  0:22  Probe (Chrono Boost)  
  15  0:36  Probe (Chrono Boost)  
  15  0:41  Gateway  
  16  0:47  Probe (Chrono Boost)  
  16  0:48  Assimilator  
  17  0:57  Probe (Chrono Boost)  
  18  1:06  Gateway  
  18  1:08  Probe (Chrono Boost)  
  19  1:20  Probe (Chrono Boost)  
  20  1:29  Cybernetics Core  
  20  1:35  Probe (Chrono Boost)  
  20  1:39  Pylon  
  21  1:50  Probe (Chrono Boost)  
  22  1:59  Assimilator  
  22  2:01  Probe (Chrono Boost)  
  23  2:06  Adept x2  
  23  2:07  Warp Gate  
  27  2:11  Probe (Chrono Boost)  
  29  2:22  Pylon  
  29  2:26  Mothership Core (Chrono Boost)  
  30  2:45  Nexus  
  31  2:51  Probe (Chrono Boost)  
  31  2:59  Pylon  
  31  3:04  Stalker  
  33  3:07  Stalker  
  35  3:16  Probe (Chrono Boost)  
  36  3:25  Twilight Council  
  37  3:27  Probe (Chrono Boost)  
  37  3:38  Gateway  
  37  3:45  Robotics Facility  
  37  3:49  Probe (Chrono Boost)  
  38  3:59  Probe (Chrono Boost)  
  38  4:01  Probe (Chrono Boost)  
  40  4:18  Probe x2 (Chrono Boost)  
  40  4:19  Pylon  
  42  4:28  Blink (Chrono Boost)  
  42  4:29  Probe (Chrono Boost)  
  43  4:32  Stalker x2  
  43  4:36  Observer  
  48  4:49  Stalker  
  50  4:53  Probe (Chrono Boost)  
  50  4:54  Probe (Chrono Boost)  
  50  4:58  Forge  
  52  5:07  Stalker  
  52  5:08  Stalker  
  52  5:13  Stalker  
  58  5:15  Probe (Chrono Boost)  
  58  5:16  Pylon, Probe (Chrono Boost)  
  60  5:25  Assimilator  
  60  5:34  Stalker x2  
  64  5:37  Stalker  
  66  5:50  Probe  
  66  5:55  Pylon  
  67  6:04  Adept x2  
  67  6:05  Adept  
  67  6:08  Pylon  
  73  6:13  Protoss Ground Weapons Level 1  
  73  6:25  Gateway  
  71  6:43  Adept x3  
  68  7:11  Adept x3  
  56  7:27  Probe  
  56  7:28  Probe  
  48  7:37  Probe  
  48  7:40  Probe  
  50  7:48  Probe  
  51  7:52  Probe  
  51  7:55  Immortal  
  56  7:58  Probe  
  56  8:01  Resonating Glaives (Chrono Boost)  
  56  8:04  Probe  
  58  8:09  Nexus, Probe  
  58  8:10  Pylon, Dark Shrine  
  59  8:13  Pylon  
  59  8:16  Probe  
  60  8:30  Photon Cannon  
  60  8:31  Photon Cannon  
  60  8:36  Immortal  
  60  8:37  Gateway  
  60  8:38  Probe  
  60  8:39  Gateway  
  60  8:40  Probe, Gateway  
  66  8:41  Pylon  
  66  8:44  Assimilator  
  66  8:58  Protoss Ground Armor Level 1 (Chrono Boost)  
  66  9:03  Probe x2  
  68  9:10  Pylon  
  68  9:11  Pylon  
  68  9:15  Probe x2  
  70  9:20  Probe  
  71  9:27  Probe  
  72  9:35  Warp Prism  
  74  9:44  Dark Templar  
  75  9:57  Stalker x2  
  75  9:59  Stalker  
  81  10:06  Probe  
  82  10:18  Stalker x3  
  88  10:23  Observer  
  89  10:32  Pylon  
  82  10:45  Adept  
  82  10:46  Adept x4  
Show
View Real Time Build Order
Export as new Build Order

Fropez Protoss - Winner!

Build Orders: 1 Gate Expand 

Get SALT Encoding   

  12  0:01  Probe (Chrono Boost)  
  13  0:17  Pylon  
  13  0:18  Probe (Chrono Boost)  
  14  0:29  Probe (Chrono Boost)  
  15  0:38  Gateway  
  15  0:39  Probe (Chrono Boost)  
  16  0:49  Assimilator  
  16  0:50  Probe (Chrono Boost)  
  17  1:00  Probe (Chrono Boost)  
  18  1:13  Gateway  
  18  1:14  Probe (Chrono Boost)  
  19  1:37  Nexus  
  19  1:52  Probe (Chrono Boost), Assimilator  
  20  2:01  Cybernetics Core  
  20  2:03  Probe (Chrono Boost)  
  21  2:14  Probe (Chrono Boost)  
  22  2:24  Assimilator  
  22  2:28  Probe (Chrono Boost)  
  23  2:48  Pylon, Stalker x2  
  23  2:49  Mothership Core (Chrono Boost)  
  29  2:53  Pylon  
  29  3:00  Probe (Chrono Boost)  
  29  3:07  Probe (Chrono Boost)  
  29  3:11  Probe (Chrono Boost)  
  31  3:15  Pylon  
  31  3:18  Stalker, Warp Gate (Chrono Boost)  
  33  3:24  Probe  
  34  3:31  Stalker  
  34  3:33  Probe  
  37  3:41  Pylon  
  37  3:48  Probe, Gateway  
  38  3:54  Assimilator  
  38  4:00  Twilight Council  
  38  4:01  Probe  
  39  4:08  Adept  
  41  4:12  Adept  
  43  4:21  Probe  
  43  4:22  Probe  
  45  4:35  Adept x2  
  45  4:37  Resonating Glaives (Chrono Boost)  
  49  4:40  Probe  
  49  4:41  Probe  
  53  4:52  Probe  
  54  5:09  Adept  
  54  5:17  Adept x2  
  59  5:28  Probe  
  59  5:29  Probe  
  59  5:31  Robotics Facility  
  60  5:36  Adept  
  60  5:38  Forge  
  60  5:40  Pylon  
  62  5:42  Pylon  
  62  5:58  Probe x2  
  62  5:59  Adept x2, Assimilator  
  68  6:10  Probe x2  
  70  6:14  Pylon  
  70  6:18  Adept  
  70  6:20  Adept x2  
  76  6:32  Protoss Ground Weapons Level 1 (Chrono Boost)  
  74  6:36  Immortal (Chrono Boost)  
  71  6:57  Adept x3  
  75  7:13  Pylon  
  67  7:17  Pylon  
  58  7:27  Pylon  
  58  7:28  Immortal (Chrono Boost)  
  49  7:55  Probe, Photon Cannon  
  49  7:56  Probe  
  49  7:58  Blink  
  51  7:59  Photon Cannon  
  51  8:01  Warp Prism (Chrono Boost)  
  53  8:11  Cybernetics Core  
  53  8:12  Pylon  
  49  8:27  Gateway  
  49  8:30  Gateway  
  49  8:33  Immortal (Chrono Boost)  
  53  8:37  Protoss Ground Weapons Level 2  
  53  8:49  Templar Archives  
  53  8:55  Stalker  
  55  8:56  Stalker x2  
  59  9:05  Pylon  
  59  9:07  Observer (Chrono Boost)  
  59  9:09  Pylon  
  60  9:25  Stalker x5  
  70  10:00  Stalker x3  
  70  10:01  Stalker x2  
  70  10:03  Observer (Chrono Boost)  
  81  10:21  Probe  
  81  10:22  Immortal (Chrono Boost)  
  81  10:23  Probe  
  87  10:30  Nexus  
  87  10:32  Pylon  
  87  10:47  Adept x5  
  97  10:56  Immortal (Chrono Boost)  
  101  11:02  Gateway  
Tags
 
League
GoldGold
Matchup
PvP
Replay Pack
All Mines
Spawn Locations
Cross Positions
Add a new tag
Caveats
  • Supply blocks, unpowered buildings, or Contaminate may cause inaccurate times.
  • Supply counts are checked every 10 seconds.